Map: Pilares de oro EE

Players

ZizouSan - Winner!

  • Race: Protoss Protoss
  • League: Gold
  • Spawn Location: 7:00

MrFercho

  • Race: Zerg Zerg
  • League: Silver
  • Spawn Location: 1:00

VOD

Have the link to the VOD?

Description

Time

  • Played on: July 6, 2020, 7:46 p.m.
  • Length: 10:55
Show
View Real Time Build Order
Export as new Build Order

ZizouSan Protoss - Winner!

Build Orders:  

Get SALT Encoding   

  12  0:01  Probe  
  13  0:13  Probe  
  14  0:24  Pylon  
  14  0:25  Probe  
  15  0:42  Probe  
  16  0:49  Forge  
  16  0:54  Probe  
  17  1:05  Pylon  
  17  1:06  Probe  
  18  1:14  Probe  
  19  1:24  Probe  
  19  1:26  Photon Cannon  
  19  1:31  Photon Cannon  
  20  1:35  Pylon  
  20  1:36  Probe  
  21  1:44  Probe  
  21  1:48  Pylon  
  21  1:52  Probe  
  23  2:08  Photon Cannon  
  23  2:11  Photon Cannon  
  23  2:19  Probe  
  23  2:20  Photon Cannon  
  23  2:27  Probe  
  25  2:38  Probe  
  26  2:48  Photon Cannon  
  26  3:09  Pylon  
  26  3:20  Nexus  
  26  3:25  Pylon  
  26  3:27  Gateway  
  26  3:34  Gateway  
  26  3:48  Photon Cannon  
  26  3:50  Photon Cannon  
  26  3:55  Gateway  
  26  4:00  Probe  
  26  4:08  Assimilator, Probe  
  27  4:12  Assimilator  
  27  4:16  Zealot  
  30  4:18  Probe  
  31  4:24  Assimilator  
  31  4:30  Probe  
  32  4:36  Gateway  
  32  4:41  Probe  
  32  4:42  Zealot  
  35  4:48  Zealot x2  
  39  4:59  Probe  
  40  5:11  Probe  
  41  5:20  Zealot  
  43  5:23  Probe, Zealot  
  46  5:35  Probe  
  47  5:47  Probe  
  48  5:51  Cybernetics Core  
  48  6:09  Zealot  
  50  6:11  Zealot  
  52  6:20  Zealot x2  
  56  6:36  Zealot  
  56  6:38  Zealot  
  60  6:45  Pylon  
  60  6:47  Pylon  
  58  6:58  Protoss Ground Weapons Level 1  
  58  7:11  Adept x2  
  60  7:35  Adept x2  
  64  8:14  Photon Cannon  
  64  8:16  Photon Cannon  
  64  8:17  Pylon  
  64  8:29  Adept  
  64  8:30  Adept  
  68  8:36  Warp Gate  
  68  8:45  Probe  
  68  8:47  Twilight Council  
  68  8:53  Probe  
  69  8:59  Shield Battery  
  69  9:02  Probe  
  71  9:45  Stargate  
  71  9:48  Stargate  
Show
View Real Time Build Order
Export as new Build Order

MrFercho Zerg 

Build Orders: Hatch First 

Get SALT Encoding   

  12  0:01  Drone  
  13  0:15  Overlord  
  13  0:20  Drone  
  14  0:33  Drone x2  
  16  0:53  Hatchery  
  16  0:54  Drone  
  16  1:20  Spawning Pool  
  15  1:44  Extractor  
  15  1:46  Drone x2  
  17  1:47  Drone  
  17  1:57  Drone  
  18  2:07  Queen x2  
  22  2:09  Overlord  
  22  2:16  Drone  
  22  2:17  Drone  
  24  2:27  Drone x2  
  24  2:29  Drone  
  27  2:36  Spine Crawler  
  26  2:37  Spine Crawler  
  26  2:41  Drone  
  26  2:42  Drone  
  27  3:14  Roach Warren  
  27  3:15  Zergling x4  
  27  3:18  Overlord x4  
  28  3:46  Zergling x6  
  29  3:55  Zergling x6  
  32  4:03  Lair  
  32  4:06  Metabolic Boost  
  32  4:27  Hatchery  
  31  5:06  Pneumatized Carapace  
  31  5:20  Spine Crawler  
  27  5:32  Drone x3  
  30  5:40  Drone  
  30  5:41  Queen  
  29  5:51  Drone  
  27  6:30  Drone  
  28  6:34  Drone x3  
  29  7:05  Roach x3  
  35  7:12  Evolution Chamber  
  35  7:13  Drone x5  
  31  8:13  Drone x3  
  31  8:19  Extractor, Hatchery  
  32  8:20  Extractor  
  31  8:30  Spawning Pool  
  30  8:50  Drone x5  
  35  9:15  Drone x5  
  40  9:29  Lair  
  40  9:39  Evolution Chamber  
  40  9:41  Overlord x4  
  39  9:47  Drone  
  39  9:48  Drone x3  
  43  10:07  Drone  
  44  10:28  Hydralisk Den  
  35  10:53  Hatchery  
Tags
 
Matchup
PvZ
Replay Pack
MrFercho
Spawn Locations
Cross Positions
Add a new tag
Caveats
  • Supply blocks, unpowered buildings, or Contaminate may cause inaccurate times.
  • Supply counts are checked every 10 seconds.